 Dungeon Crawl Stone Soup version 0.26-a0-597-gb535b0901c (webtiles) character file.

Game seed: 11411523344186603040

2936 Lanoc the Quickloader (level 9, 0/79 HPs)
             Began as a Red Draconian Hunter on Sept 7, 2020.
             Was a Follower of Qazlal.
             Slain by Erica
             ... wielding a +4 scimitar of flaming
              (2 damage)
             ... on level 8 of the Dungeon.
             The game lasted 00:08:54 (6690 turns).

Lanoc the Quickloader (Red Draconian Hunter)        Turns: 6690, Time: 00:08:54

Health: 0/79       AC: 10    Str: 15    XL:     9   Next: 51%
Magic:  9/9        EV: 15    Int: 12    God:    Qazlal [*.....]
Gold:   440        SH:  1    Dex: 14    Spells: 8/8 levels left

rFire    + . .     SeeInvis .   b - +4 quarterstaff (chaos)
rCold    . . .     Faith    .   (shield currently unavailable)
rNeg     . . .     Spirit   .   (armour unavailable)
rPois    .         Reflect  .   (helmet restricted)
rElec    .         Harm     .   s - +2 cloak
rCorr    .                      (no gloves)
MR       .....                  (no boots)
Stlth    ++........             (no amulet)
HPRegen  0.23/turn              (no ring)
MPRegen  0.11/turn              (no ring)

@: lethally poisoned (0 -> -29), slowed, very slow
A: breathe fire, unfitting armour, fire resistance 1, cold-blooded, AC +7
a: Breathe Fire, Renounce Religion


You were on level 8 of the Dungeon.
You worshipped Qazlal.
Qazlal was aware of your devotion.
You visited 2 branches of the dungeon, and saw 9 of its levels.

You collected 440 gold pieces.

Inventory:

Hand Weapons
 a - a +1 hand crossbow
 b - a +4 quarterstaff of chaos (weapon)
Missiles
 c - 88 bolts
 i - 7 atropa-tipped darts (quivered)
Armour
 p - a scarf of repulsion
 s - a +2 cloak (worn)
Wands
 t - a wand of polymorph (13)
 w - a wand of acid (5)
 z - a wand of random effects (13)
Scrolls
 e - 6 scrolls of teleportation
 f - 2 scrolls of fog {unknown}
 g - 8 scrolls of identify {unknown}
 j - 5 scrolls of remove curse
 k - a scroll of immolation {unknown}
 l - 2 scrolls of noise {unknown}
 u - a scroll of random uselessness {unknown}
 v - a scroll of silence {unknown}
 y - a scroll of enchant weapon {unknown}
Potions
 d - 2 potions of heal wounds
 h - a potion of haste {unknown}
 m - a potion of berserk rage {unknown}
 n - a potion of magic {unknown}
 o - 2 potions of cancellation {unknown}
 q - 2 potions of might {unknown}
 r - 3 potions of curing {unknown}
 x - a potion of flight {unknown}


   Skills:
 + Level 7.6 Fighting
 * Level 9.4 Crossbows
 + Level 6.2 Dodging
 - Level 0.8 Stealth


You had 8 spell levels left.
You didn't know any spells.
Your spell library contained the following spells:

 Spells                   Type           Power        Failure   Level
 Beastly Appendage        Tmut           #.....       32%         1
 Magic Dart               Conj           #...         32%         1
 Blink                    Tloc           N/A          45%         2
 Call Imp                 Summ           #.......     45%         2
 Slow                     Hex            #.......     45%         2
 Wereblood                Tmut           #.......     45%         2
 Conjure Flame            Conj/Fire      #.......     69%         3
 Mephitic Cloud           Conj/Pois/Air  #.......     69%         3
 Spider Form              Tmut/Pois      #.........   69%         3
 Ice Form                 Ice/Tmut       #.......     97%         4
 Blade Hands              Tmut           #.........   100%        5


Dungeon Overview and Level Annotations

Branches:
Dungeon (8/15)             Temple (1/1) D:5
   Lair: D:8-11

Altars:
Ashenzari
Cheibriados
Dithmenos
Elyvilon
Fedhas
Gozag
Hepliaklqana
Kikubaaqudgha
Makhleb
Nemelex Xobeh
Okawaru
Qazlal
Ru
Sif Muna
Trog
Uskayaw
Vehumet
Wu Jian
Xom
Yredelemnul
Zin
The Shining One

Annotations:
D:8 Erica


Innate Abilities, Weirdness & Mutations

You can breathe blasts of fire.
Your fiery red scales are hard. (AC +7)
You cannot fit into any form of body armour.
Your flesh is heat resistant. (rF+)
You are cold-blooded and may be slowed by cold attacks.


Message History

It was a potion of heal wounds.
You feel much better.
* * * LOW HITPOINT WARNING * * *
You feel very sick.
Erica points at you and mumbles some strange words.
The bolt of poison misses you.
You feel much better.
You feel very sick. Erica casts a spell at you.
You resist with significant effort.
You barely miss Erica.
Erica is almost dead.
You feel very sick.
Erica hits you with a +4 scimitar of flaming.
* * * LOW HITPOINT WARNING * * *
Erica burns you.
* * * LOW HITPOINT WARNING * * *
Erica hits you with a +4 scimitar of flaming!!
* * * LOW HITPOINT WARNING * * *
Erica burns you.
You die...

# ############# #
####........)..# #
##..............## #
#................#
##................#
#.................#
#...).........†..#
###.......######...#
........### #@..#
.......## ##@.#
.......# #...#
......## #.....#
.......# #.?.(....#
..................##
####........#######
##......# ##.....#


You could see Erica.

Vanquished Creatures
  Edmund (D:6)
  3 sky beasts
  A black bear (D:7)
  An orc warrior (D:7)
  3 ice beasts
  A necrophage (D:6)
  2 phantoms
  5 ogres
  A centaur (D:5)
  2 bullfrogs
  2 scorpions
  3 wights
  6 howler monkeys
  A centaur zombie (D:7)
  Crazy Yiuf (D:4)
  A bullfrog skeleton (D:7)
  4 orc priests
  6 hounds
  A jelly (D:6)
  3 orc wizards
  An iguana (D:5)
  3 worker ants
  A hound skeleton (D:5)
  A worker ant zombie (D:7)
  3 adders
  3 white imps
  An ufetubus (D:5)
  An adder skeleton (D:5)
  An adder zombie (D:7)
  A worm (D:4)
  6 leopard geckos
  15 orcs
  2 giant cockroaches (D:5)
  3 hobgoblins
  3 jackals (D:7)
  4 quokkas
  2 bats
  5 frilled lizards
  A goblin (D:2)
  A jackal skeleton (D:4)
  A kobold (D:2)
  A leopard gecko zombie (D:6)
  6 rats
114 creatures vanquished.

Vanquished Creatures (others)
  A plant (D:3)
1 creature vanquished.

Grand Total: 115 creatures vanquished

Notes
Turn   | Place    | Note
-------+----------+-------------------------------------------
     0 | D:1      | Lanoc the Draconian Hunter began the quest for the Orb.
     0 | D:1      | Reached XP level 1. HP: 17/17 MP: 1/1
    57 | D:2      | Reached XP level 2. HP: 25/25 MP: 2/2
    85 | D:2      | Reached skill level 4 in Crossbows
   321 | D:3      | Reached XP level 3. HP: 30/30 MP: 3/3
   329 | D:3      | Reached XP level 4. HP: 22/38 MP: 4/4
   626 | D:3      | Noticed an ice beast
   642 | D:3      | Killed an ice beast
   642 | D:3      | Reached skill level 5 in Crossbows
   642 | D:3      | Reached XP level 5. HP: 9/45 MP: 5/5
  1578 | D:3      | Reached XP level 6. HP: 49/52 MP: 6/6
  1661 | D:4      | Found a shadowy altar of Dithmenos.
  1747 | D:4      | Found a runed translucent door.
  1748 | D:4      | Noticed Crazy Yiuf
  2054 | D:4      | Found a stormy altar of Qazlal.
  2215 | D:4      | Killed Crazy Yiuf
  2437 | D:5      | Entered Level 5 of the Dungeon
  2446 | D:5      | Found a staircase to the Ecumenical Temple.
  2464 | Temple   | Entered the Ecumenical Temple
  2889 | D:4      | Became a worshipper of Qazlal Stormbringer
  3149 | D:5      | Reached skill level 6 in Crossbows
  3149 | D:5      | Your scales start taking on a fiery red colour.
  3149 | D:5      | Reached XP level 7. HP: 50/60 MP: 7/7
  3149 | D:5      | Gained mutation: Your flesh is heat resistant. (rF+) [Red
                  | Draconian growth]
  3412 | D:6      | Reached skill level 5 in Fighting
  3558 | D:6      | Noticed Edmund
  3591 | D:6      | Killed Edmund
  3906 | D:6      | Found an iron altar of Okawaru.
  3909 | D:6      | Found a hazy altar of Hepliaklqana.
  3948 | D:6      | Reached skill level 7 in Crossbows
  3948 | D:6      | Reached XP level 8. HP: 65/69 MP: 8/8
  4292 | D:6      | Reached skill level 5 in Dodging
  4945 | D:7      | Reached skill level 8 in Crossbows
  5302 | D:7      | Reached * piety under Qazlal
  5414 | D:7      | Reached XP level 9. HP: 78/78 MP: 9/9
  6004 | D:7      | Found a shattered altar of Ashenzari.
  6115 | D:7      | Found a sparkling altar of Nemelex Xobeh.
  6164 | D:7      | Reached skill level 9 in Crossbows
  6677 | D:8      | Noticed Erica
  6690 | D:8      | HP: 2/79 [Erica/+4 scimitar of flaming (18)]
  6690 | D:8      | Slain by Erica

Illustrated notes

Levels and vault maps discovered:
D:1:      nicolae_arrival_memento_mori, layout_rooms, minmay_ruptured
D:2:      layout_rooms, serial_rivers, chequers_serial_rivers_micro_a,
          chequers_serial_rivers_room_b, chequers_serial_rivers_room_a,
          chequers_serial_rivers_small_3, chequers_serial_rivers_large_a
D:3:      layout_basic, kennysheep_boxes
D:4:      layout_basic, lemuel_coloured_pillars_altar,
          grunt_dithmenos_smoke_and_mirrors, uniq_crazy_yiuf_cottage
D:5:      layout_basic, minmay_temple_entry_overgrown
D:6:      cheibrodos_barr_body, layout_basic, grunt_temple_overflow_open,
          uniq_edmund
D:7:      layout_gridville, nicolae_ashenzari_panopticon,
          overflow_temple_1_default
D:8:      wad_guarded_room, layout_layer_cave, uniq_psyche, uniq_erica
Temple:   regret_index_temple_sphere_string

Skill      XL: |  1  2  3  4  5  6  7  8  9 |
---------------+----------------------------+-----
Dodging        | 2 3 4 5 6 |  6.2
Crossbows      | 4 5 6 7 8 9 |  9.4
Fighting       | 3 4 5 6 7 |  7.6
Stealth        | |  0.8

Action                   |  1- 3 |  4- 6 |  7- 9 || total
-------------------------+-------+-------+-------++-------
Melee: Short sword       |    29 |     5 |       ||    34
       Tailslap          |     2 |    13 |    20 ||    35
       Mace              |       |    62 |       ||    62
       Quarterstaff      |       |    56 |   182 ||   238
 Fire: Hand crossbow     |    11 |    24 |       ||    35
 Abil: Breathe Fire      |       |       |    14 ||    14
  Use: Scroll            |       |     2 |       ||     2
       Potion            |       |       |     2 ||     2
 Stab: Sleeping          |     1 |     3 |     1 ||     5
       Petrified         |       |     2 |       ||     2
       Distracted        |       |       |     1 ||     1
       Paralysed         |       |       |     1 ||     1
Armor: Skin              |     5 |    42 |    79 ||   126
Dodge: Dodged            |    33 |    88 |   159 ||   280
Block: Other             |       |       |     4 ||     4

Table legend: (Time is in decaauts)
 A = Elapsed time spent in this place.
 B = Non-inter-level travel time spent in this place.
 C = Inter-level travel time spent in this place.
 D = Time resting spent in this place.
 E = Time spent auto-exploring this place.
 F = Levels seen in this place.
 G = Mean time per level.
                   A        B        C        D        E       F      G
               +--------+--------+--------+--------+--------+-----+--------+
         Total |   6803 |   6587 |    216 |    222 |   5311 |   9 |  755.9 |
       Dungeon |   6649 |   6451 |    198 |    222 |   5177 |   8 |  831.1 |
        Temple |    153 |    135 |     18 |      0 |    134 |   1 |  153.0 |
               +--------+--------+--------+--------+--------+-----+--------+

Top non-repeatable levels by time:
     D:6: 1582 daAuts
     D:7: 1474 daAuts
     D:3: 1423 daAuts
     D:4: 932 daAuts
     D:5: 713 daAuts
     D:8: 314 daAuts
     D:2: 163 daAuts
  Temple: 153 daAuts
     D:1: 45 daAuts
